 Dungeon Crawl Stone Soup version 0.21-a0-525-ga34b322 (webtiles) character file.

415 Dawnplanks the Shield-Bearer (level 6, 0/53 HPs)
             Began as a Gnoll Fighter on Dec 7, 2017.
             Succumbed to an orc's poison
             ... on level 3 of the Dungeon.
             The game lasted 00:05:28 (2209 turns).

Dawnplanks the Shield-Bearer (Gnoll Fighter)        Turns: 2209, Time: 00:05:29

Health: 0/53       AC:  7    Str: 20    XL:     6   Next: 91%
Magic:  9/9        EV: 14    Int: 10    God:
Gold:   130        SH: 11    Dex: 20    Spells: 9/9 levels left

rFire    . . .     SeeInvis .   a - +0 long sword
rCold    . . .     Gourm    .   c - +0 shield
rNeg     . . .     Faith    .   b - +0 scale mail
rPois    .         Spirit   .   (no helmet)
rElec    .         Reflect  .   (no cloak)
rCorr    .         Harm     .   (no gloves)
MR       .....                  (no boots)
Stlth    +.........             s - amulet of regeneration
HPRegen  0.17/turn              x - ring of loudness (curse)
MPRegen  0.11/turn              (no ring)

@: agile, lethally poisoned (0 -> -6)
A: distributed training, fangs 1, strong nose
a: no special abilities


You were on level 3 of the Dungeon.
You were not hungry.

You visited 1 branch of the dungeon, and saw 3 of its levels.

You collected 130 gold pieces.

Inventory:

Hand Weapons
 a - a +0 long sword (weapon)
 z - a +1 halberd of chopping
Missiles
 B - 4 tomahawks (quivered)
Armour
 b - a +0 scale mail (worn)
 c - a +0 shield (worn)
Jewellery
 s - an amulet of regeneration (around neck)
 x - a cursed ring of loudness (left hand)
 y - a +3 amulet of reflection
Wands
 r - a wand of enslavement (9)
Scrolls
 g - 4 scrolls of teleportation {unknown}
 h - 2 scrolls of amnesia {unknown}
 i - a scroll of noise {unknown}
 k - 2 scrolls of remove curse {unknown}
 m - 2 scrolls of identify {unknown}
 n - a scroll of immolation {unknown}
 u - a scroll of fog {unknown}
Potions
 d - a potion of might
 e - a potion of curing {unknown}
 j - a potion of magic {unknown}
 l - a potion of haste {unknown}
 p - a potion of degeneration {unknown}
 q - a potion of resistance {unknown}
 t - a potion of lignification {unknown}
 v - a potion of agility
Comestibles
 f - 2 bread rations
 o - a royal jelly
 w - 6 chunks of flesh
 A - a meat ration


   Skills:
 + Level 6.9 Fighting
 + Level 2.1 Short Blades
 + Level 5.0 Long Blades
 + Level 2.1 Axes
 + Level 2.1 Maces & Flails
 + Level 2.1 Polearms
 + Level 2.1 Staves
 + Level 2.1 Slings
 + Level 2.1 Bows
 + Level 2.1 Crossbows
 + Level 2.1 Throwing
 + Level 6.9 Armour
 + Level 2.1 Dodging
 + Level 2.1 Stealth
 + Level 6.9 Shields
 + Level 2.1 Unarmed Combat
 + Level 2.1 Spellcasting
 + Level 1.7 Conjurations
 + Level 1.7 Hexes
 + Level 1.7 Charms
 + Level 1.7 Summonings
 + Level 1.7 Necromancy
 + Level 1.7 Translocations
 + Level 1.7 Transmutations
 + Level 1.7 Fire Magic
 + Level 1.7 Ice Magic
 + Level 1.7 Air Magic
 + Level 1.7 Earth Magic
 + Level 1.7 Poison Magic
 + Level 2.3 Invocations
 + Level 2.1 Evocations


You had 9 spell levels left.
You didn't know any spells.

Dungeon Overview and Level Annotations

Branches:
Dungeon (3/15)

Altars:
Xom


Innate Abilities, Weirdness & Mutations

Your experience applies equally to all skills.
You have very sharp teeth.
Your uncanny sense of smell can sniff out nearby items.


Message History

You feel sick.
* * * LOW HITPOINT WARNING * * *
You feel sick.
* * * LOW HITPOINT WARNING * * *
You feel sick.
* * * LOW HITPOINT WARNING * * *
You feel sick.
* * * LOW HITPOINT WARNING * * *
You feel sick.
* * * LOW HITPOINT WARNING * * *
You feel sick.
* * * LOW HITPOINT WARNING * * *
You feel sick.
* * * LOW HITPOINT WARNING * * *
You feel sick.
It was a potion of agility.
You feel agile all of a sudden.
* * * LOW HITPOINT WARNING * * *
You feel sick.
You die...

#..##.# #......##
#.# #.g.#.#
#......# #.#
#.#g#.## #......#
#.# #......#
#......#### #.#
###.#..#
#.........# #.#
#o#..# #.........#
#.# #g...#
#.........# #.#
####go.#
#####.)...# #.#
.r.g...# #.@)).#
#.# ####..##
#.....# #.#
..##..... #.....#
#.# #.##..####
.......# #.#
#.##..# .....####
##'####### #.##..#
#......#
#........# #)##.>#
#......#
#........#
..#########......#
#........#
..............
##.#######


There were no monsters in sight!

Vanquished Creatures
  Sigmund (D:2)
  An orc priest (D:3)
  2 orc wizards (D:3)
  4 gnolls (D:3)
  4 adders
  An ooze (D:3)
  2 worms
  2 leopard geckos
  11 orcs (D:3)
  A bat (D:2)
  7 giant cockroaches
  14 hobgoblins
  7 kobolds
  2 quokkas
  4 frilled lizards
  9 goblins
  6 rats
78 creatures vanquished.

Vanquished Creatures (others)
  5 dream sheep (D:3)
  A bullfrog (D:3)
  An orc (D:3)
  2 goblins (D:3)
9 creatures vanquished.

Grand Total: 87 creatures vanquished

Notes
Turn   | Place    | Note
-------+----------+-------------------------------------------
     0 | D:1      | Dawnplanks the Gnoll Fighter began the quest for the Orb.
     0 | D:1      | Reached XP level 1. HP: 23/23 MP: 1/1
   149 | D:1      | Reached XP level 2. HP: 29/29 MP: 2/2
   814 | D:2      | Reached XP level 3. HP: 35/35 MP: 3/3
   909 | D:2      | Reached skill level 1 in Invocations
  1034 | D:2      | Reached skill level 1 in Short Blades
  1034 | D:2      | Reached skill level 1 in Axes
  1034 | D:2      | Reached skill level 1 in Maces & Flails
  1034 | D:2      | Reached skill level 1 in Polearms
  1034 | D:2      | Reached skill level 1 in Staves
  1034 | D:2      | Reached skill level 1 in Slings
  1034 | D:2      | Reached skill level 1 in Bows
  1034 | D:2      | Reached skill level 1 in Crossbows
  1034 | D:2      | Reached skill level 1 in Throwing
  1034 | D:2      | Reached skill level 1 in Dodging
  1034 | D:2      | Reached skill level 1 in Stealth
  1034 | D:2      | Reached skill level 1 in Unarmed Combat
  1034 | D:2      | Reached skill level 1 in Spellcasting
  1034 | D:2      | Reached skill level 1 in Evocations
  1049 | D:2      | Reached XP level 4. HP: 31/41 MP: 5/5
  1297 | D:2      | Noticed Sigmund
  1312 | D:2      | Killed Sigmund
  1312 | D:2      | Reached skill level 1 in Conjurations
  1312 | D:2      | Reached skill level 1 in Hexes
  1312 | D:2      | Reached skill level 1 in Charms
  1312 | D:2      | Reached skill level 1 in Summonings
  1312 | D:2      | Reached skill level 1 in Necromancy
  1312 | D:2      | Reached skill level 1 in Translocations
  1312 | D:2      | Reached skill level 1 in Transmutations
  1312 | D:2      | Reached skill level 1 in Fire Magic
  1312 | D:2      | Reached skill level 1 in Ice Magic
  1312 | D:2      | Reached skill level 1 in Air Magic
  1312 | D:2      | Reached skill level 1 in Earth Magic
  1312 | D:2      | Reached skill level 1 in Poison Magic
  1312 | D:2      | Reached XP level 5. HP: 27/47 MP: 5/7
  1312 | D:2      | Reached XP level 6. HP: 30/53 MP: 5/8
  1770 | D:3      | Reached skill level 5 in Long Blades
  2036 | D:3      | Noticed a dream sheep
  2036 | D:3      | Noticed a dream sheep
  2036 | D:3      | Noticed a dream sheep
  2036 | D:3      | Noticed a dream sheep
  2036 | D:3      | Noticed a dream sheep
  2036 | D:3      | Found a shimmering altar of Xom.
  2040 | D:3      | Killed a dream sheep
  2040 | D:3      | Killed a dream sheep
  2040 | D:3      | Killed a dream sheep
  2042 | D:3      | Killed a dream sheep
  2042 | D:3      | Killed a dream sheep
  2205 | D:3      | HP: 2/53 [poisoned by an orc]
  2209 | D:3      | Succumbed to an orc's poison

Vault maps used:
D:1:      zaba_arrival_water, minmay_misc_feat_encased
D:2:      minmay_goblin_outpost, uniq_sigmund
D:3:      kb_xom_exploding_sheep, first_bread

Skill      XL: |  1  2  3  4  5  6 |
---------------+-------------------+-----
Invocations    | 1 2 |  2.3
Short Blades   | 1 2 |  2.1
Axes           | 1 2 |  2.1
Maces & Flails | 1 2 |  2.1
Polearms       | 1 2 |  2.1
Staves         | 1 2 |  2.1
Slings         | 1 2 |  2.1
Bows           | 1 2 |  2.1
Crossbows      | 1 2 |  2.1
Throwing       | 1 2 |  2.1
Dodging        | 1 2 |  2.1
Stealth        | 1 2 |  2.1
Unarmed Combat | 1 2 |  2.1
Spellcasting   | 1 2 |  2.1
Evocations     | 1 2 |  2.1
Conjurations   | 1 |  1.7
Hexes          | 1 |  1.7
Charms         | 1 |  1.7
Summonings     | 1 |  1.7
Necromancy     | 1 |  1.7
Translocations | 1 |  1.7
Transmutations | 1 |  1.7
Fire Magic     | 1 |  1.7
Ice Magic      | 1 |  1.7
Air Magic      | 1 |  1.7
Earth Magic    | 1 |  1.7
Poison Magic   | 1 |  1.7
Long Blades    | 5 |  5.0
Fighting       | |  6.9
Armour         | |  6.9
Shields        | |  6.9

Action                   |  1- 3 |  4- 6 || total
-------------------------+-------+-------++-------
Melee: Long sword        |    91 |   147 ||   238
       Bite              |     5 |    18 ||    23
  Use: Potion            |       |     1 ||     1
  Eat: Chunk             |       |     5 ||     5
Armor: Scale mail        |    27 |    40 ||    67
Dodge: Dodged            |    31 |    41 ||    72
Block: Shield            |    49 |    91 ||   140
       Reflection        |       |     3 ||     3
       Rpst.: Long sword |    13 |    12 ||    25

Table legend:
 A = Spawn XP
 B = Non-spawn XP
 C = Spawn XP percentage of total XP
 D = Spawn monster count
 E = Non-spawn monster count
 F = Spawn count percentage of total count
 G = Total turns spent on level
                    A         B        C        D         E        F      G
               +---------+---------+-------+---------+---------+-------+---------
         Total |       0 |     593 |   0.0 |       0 |      79 |   0.0 |  2209
               +---------+---------+-------+---------+---------+-------+---------
           D:1 |       0 |      24 |   0.0 |       0 |      13 |   0.0 |   646
           D:2 |       0 |     306 |   0.0 |       0 |      27 |   0.0 |   889
           D:3 |       0 |     263 |   0.0 |       0 |      39 |   0.0 |   674
               +---------+---------+-------+---------+---------+-------+---------
